 Dungeon Crawl Stone Soup version 0.32-a0-433-g08bcfe7 (webtiles) character file.

Game seed: 6242416184980398743

2034 danspanner the Covered (level 9, -7/56 HPs)
             Began as a Tengu Fighter on Feb 22, 2024.
             Was a Believer of Zin.
             Mangled by a red ugly thing (21 damage)
             ... on level 7 of the Dungeon.
             The game lasted 00:15:35 (5614 turns).

danspanner the Covered (Tengu Fighter)              Turns: 5614, Time: 00:15:35

Health: -7/56      AC: 13    Str: 20    XL:     9   Next: 24%
Magic:  10/10      EV: 10    Int:  8    God:    Zin [**....]
Gold:   317        SH:  7    Dex: 15    Spells: 8/8 levels left

rFire   . . .        a - +0 trident
rCold   . . .        c - +1 buckler
rNeg    . . .        m - +0 plate armour
rPois   .            (helmet restricted)
rElec   .            (no cloak)
rCorr   .            (no gloves)
SInv    .            (boots unavailable)
Will    .....        (no amulet) Stlth
                     g - +4 ring of slaying
HPRegen 0.29/turn    (no ring)
MPRegen 0.12/turn

%: acrobat
@: flying
A: beak, talons 3, evasive flight, acrobatic
a: Renounce Religion, Recite, Vitalisation, Donate Gold


You were on level 7 of the Dungeon.
You worshipped Zin.
Zin was pleased with you.
You visited 1 branch of the dungeon, and saw 7 of its levels.

You collected 352 gold pieces.
You donated 35 gold pieces to Zin.

Inventory:

Hand Weapons
 a - a +0 trident (weapon)
Armour
 c - a +1 buckler (worn)
 m - a +0 plate armour (worn)
Jewellery
 g - a +4 ring of slaying (left hand)
Wands
 n - a wand of flame (8)
Scrolls
 b - a scroll of revelation {unknown}
 l - a scroll of poison {unknown}
 o - a scroll of brand weapon {unknown}
 p - 2 scrolls of fog
Potions
 d - a potion of might
 e - 4 potions of enlightenment
 f - 3 potions of heal wounds
 h - a potion of invisibility {unknown}
 i - a potion of haste
 j - 2 potions of resistance {unknown}
 q - 2 potions of lignification {unknown}
 r - 5 potions of curing


   Skills:
 + Level 6.6 Fighting
 + Level 6.8 Polearms
 + Level 7.3 Armour
 + Level 6.6 Shields


You had 8 spell levels left.
You didn't know any spells.
Your spell library contained the following spells:

 Spells                   Type           Power      Damage    Failure   Level
 Kiss of Death            Conj/Necr      0%         2d5       100%        1
 Cigotuvi's Dreadful Rot  Necr/Alch/Air  0%         N/A       100%        2
 Ensorcelled Hibernation  Hex/Ice        0%         N/A       100%        2
 Confusing Touch          Hex            0%         N/A       100%        3
 Passwall                 Erth           0%         N/A       100%        3
 Swiftness                Air            0%         N/A       100%        3
 Dispel Undead            Necr           0%         3d6       100%        4
 Ignite Poison            Fire/Alch      0%         N/A       100%        4
 Freezing Cloud           Conj/Ice/Air   0%         6-21      100%        5


Dungeon Overview and Level Annotations

Branches:
Dungeon (7/15)             Temple (0/1) D:5

Altars:
Ashenzari
Dithmenos
Nemelex Xobeh
Qazlal
Uskayaw
Wu Jian
Xom
Yredelemnul
Zin


Innate Abilities, Weirdness & Mutations

You have a beak for a mouth.
You have claws for feet.
Your magical flight helps you evade attacks. (EV +4)
You can magically evade attacks while moving or waiting.


Message History

The red ugly thing gurgles horribly!
The kobold shouts!
You hear a shout!
You hear an angry hiss.
You hear a horrible gurgling sound!
A wyvern comes into view.
A kobold comes into view. It is wielding a +0 dagger.
The cyclops moves out of view.
You barely miss the scorpion.
The wyvern hisses angrily.
The scorpion barely misses you.
You closely miss the scorpion. You claw the scorpion.
Your peck misses the scorpion.
The scorpion is lightly wounded.
The scorpion closely misses you.
A white ugly thing comes into view.
A kobold brigand comes into view.
It is wielding a +0 short sword and quivering poisoned darts.
You puncture the scorpion! You claw the scorpion.
You kill the scorpion!
A komodo dragon comes into view.
Found the Atlas of the Sage and a glowing halberd.
The komodo dragon hisses angrily.
The red ugly thing completely misses you.
A kobold comes into view. It is wielding a +0 dagger.
The kobold shouts!
The red ugly thing attacks as it pursues you!
The red ugly thing tentacle-slaps you!
You are engulfed in flames!
The red ugly thing closely misses you.
The kobold moves out of view.
A kobold brigand comes into view.
It is wielding a +0 dagger and quivering poisoned darts.
The kobold brigand moves out of view.
The red ugly thing attacks as it pursues you!
The red ugly thing completely misses you.
You closely miss the red ugly thing.
The red ugly thing tentacle-slaps you but does no damage.
The red ugly thing attacks as it pursues you!
The red ugly thing tentacle-slaps you.
You are engulfed in flames!
You barely miss the red ugly thing. Your kick misses the red ugly thing.
You peck the red ugly thing.
The red ugly thing is lightly wounded.
The red ugly thing tentacle-slaps you!
* * * LOW HITPOINT WARNING * * *
You are engulfed in flames!!
You die...

). #.########## ..
##.###......# ..
#..#...###..# ..
#....###..#.# .#
#...###..#.#.#
......###.)#...#..
...####..#...#.#.#.
.###...#.[.#...#.###
##.###..#...#.#@#
##.#.####KH#...#u#
#K###.. ###.K#.#K#
.## #... ###..#.# ##
.#K.. ###H.# .## .#
#. ##.# #.## .# #K
..# ##u## .# #...
##.# ##K##.#.KK# ..#


You could see a red ugly thing, a manticore and a kobold brigand.

Vanquished Creatures
  A troll (D:6)
  A steam dragon (D:7)
  A water moccasin (D:5)
  2 ice beasts (D:6)
  A black bear (D:3)
  An ogre (D:5)
  2 phantoms
  A kobold brigand (D:6)
  A bullfrog (D:7)
  3 scorpions
  A howler monkey (D:4)
  2 bombardier beetles
  An orc priest (D:4)
  A gnoll bouda (D:6)
  3 hounds
  A jelly (D:5)
  2 sleepcaps (D:7)
  3 iguanas
  6 orc wizards
  4 gnolls (D:6)
  5 adders
  A white imp (D:5)
  2 ribbon worms
  2 dart slugs
  20 orcs
  5 ball pythons
  9 endoplasms
  4 giant cockroaches
  11 goblins
  8 hobgoblins
  3 jackals (D:4)
  12 kobolds
  2 quokkas
  6 bats
  A frilled lizard (D:2)
  4 rats
133 creatures vanquished.

Notes
Turn   | Place    | Note
-------+----------+-------------------------------------------
     0 | D:1      | danspanner the Tengu Fighter began the quest for the Orb.
     0 | D:1      | Reached XP level 1. HP: 14/14 MP: 2/2
   128 | D:1      | Reached XP level 2. HP: 18/19 MP: 3/3
   722 | D:2      | Found a faded altar of an unknown god.
   773 | D:2      | Reached XP level 3. HP: 23/23 MP: 4/4
  1364 | D:2      | Reached XP level 4. HP: 28/28 MP: 5/5
  1753 | D:3      | Found a shadowy altar of Dithmenos.
  1793 | D:3      | Noticed a black bear
  1809 | D:3      | Killed a black bear
  1810 | D:3      | Reached skill level 4 in Armour
  1810 | D:3      | Reached XP level 5. HP: 21/33 MP: 6/6
  2464 | D:4      | Found a sparkling altar of Nemelex Xobeh.
  2578 | D:4      | Reached XP level 6. HP: 38/38 MP: 7/7
  2598 | D:4      | Found a hide-covered altar of Uskayaw.
  3394 | D:5      | Entered Level 5 of the Dungeon
  3430 | D:5      | Reached skill level 5 in Armour
  3430 | D:5      | Gained mutation: Your magical flight helps you evade
                  | attacks. (EV +4) [Tengu growth]
  3430 | D:5      | Reached XP level 7. HP: 42/44 MP: 8/8
  3460 | D:5      | Found a glowing silver altar of Zin.
  3472 | D:5      | Became a worshipper of Zin the Law-Giver
  3472 | D:5      | Reached * piety under Zin
  3542 | D:5      | Reached skill level 5 in Fighting
  3542 | D:5      | Reached skill level 5 in Shields
  3759 | D:5      | Reached skill level 5 in Polearms
  3845 | D:5      | Found a staircase to the Ecumenical Temple.
  3854 | D:5      | Reached XP level 8. HP: 49/49 MP: 9/9
  4182 | D:6      | Noticed a troll
  4291 | D:6      | Reached skill level 6 in Armour
  4347 | D:6      | Found an ornate altar of the Wu Jian Council.
  4612 | D:6      | Noticed a spectral centipede
  4612 | D:6      | Noticed a spectral black mamba
  4635 | D:6      | Killed a troll
  4773 | D:6      | Found a basalt altar of Yredelemnul.
  4919 | D:6      | Reached ** piety under Zin
  5005 | D:6      | Reached XP level 9. HP: 55/55 MP: 10/10
  5435 | D:7      | Reached skill level 7 in Armour
  5471 | D:7      | Found a stormy altar of Qazlal.
  5476 | D:7      | Found a shimmering altar of Xom.
  5478 | D:7      | Found a broken altar of Ashenzari.
  5580 | D:7      | Noticed a cyclops
  5580 | D:7      | Noticed a red ugly thing
  5580 | D:7      | Noticed a manticore
  5582 | D:7      | Noticed a white ugly thing
  5584 | D:7      | Noticed a komodo dragon
  5614 | D:7      | Mangled by a red ugly thing

Illustrated notes

Levels and vault maps discovered:
D:1:      dpeg_arrival_arbitrary_c, layout_loops_ring, minmay_tree_intersection,
          st_stairs_8, minmay_splitting_lines
D:2:      layout_loops_ring, shapermc_ecumenical_altar_flowoftime
D:3:      layout_basic, nicolae_dithmenos_the_darkroom
D:4:      layout_gridville, mainiacjoe_overflow_six_doors_small,
          amcnicky_altar_gilded, ebering_dispersal_statue_hall, st_stairs_1,
          chequers_big_river
D:5:      layout_loops_cross, mainiacjoe_overflow_cross_hatched,
          minmay_temple_entry_mist
D:6:      layout_basic, pdpol_wu_jian_five_deadly_venoms,
          mainiacjoe_overflow_catwalk
D:7:      minmay_the_grid_triangle_9x9_rhombus_thin
          [minmay_the_grid_triangle_9x9_minimal,
          minmay_the_grid_triangle_9x9_prize_insulated,
          minmay_the_grid_triangle_9x9_sparse_checkered,
          minmay_the_grid_triangle_9x9_steps], layout_basic, minitemple,
          serial_shops, nicolae_shop_tiny_glass, nicolae_ossuary_entry_giza

Skill      XL: |  1  2  3  4  5  6  7  8  9 |
---------------+----------------------------+-----
Polearms       | 3 4 5 6 |  6.8
Armour         | 4 5 6 7 |  7.3
Fighting       | 4 5 6 |  6.6
Shields        | 4 5 6 |  6.6

Action                     |  1- 3 |  4- 6 |  7- 9 || total
---------------------------+-------+-------+-------++-------
  Melee: Trident           |   100 |    90 |   170 ||   360
         Kick              |    10 |    17 |    49 ||    76
         Peck              |     9 |    12 |    34 ||    55
    Use: Scroll            |     5 |     3 |     3 ||    11
         Potion            |       |       |     1 ||     1
 Armour: Scale mail        |    37 |    37 |     6 ||    80
         Plate armour      |       |       |    63 ||    63
  Dodge: Dodged            |    30 |    27 |    56 ||   113
  Block: Buckler           |    21 |    24 |    36 ||    81

Table legend: (Time is in decaauts)
 A = Elapsed time spent in this place.
 B = Non-inter-level travel time spent in this place.
 C = Inter-level travel time spent in this place.
 D = Time resting spent in this place.
 E = Time spent auto-exploring this place.
 F = Levels seen in this place.
 G = Mean time per level.
                   A        B        C        D        E       F      G
               +--------+--------+--------+--------+--------+-----+--------+
         Total |   5670 |   5385 |    285 |     43 |   4441 |   7 |  810.0 |
       Dungeon |   5670 |   5385 |    285 |     43 |   4441 |   7 |  810.0 |
               +--------+--------+--------+--------+--------+-----+--------+

Top non-repeatable levels by time:
     D:6: 1197 daAuts
     D:3: 988 daAuts
     D:4: 959 daAuts
     D:5: 832 daAuts
     D:2: 776 daAuts
     D:1: 717 daAuts
     D:7: 199 daAuts
